 Dungeon Crawl Stone Soup version 0.27-a0-1200-g94dc6ad4cf (console) character file.

Game seed: 16944205511689200266

7457 Gather the Summoner (level 11, -7/60 HPs)
             Began as a Kobold Summoner on May 28, 2021.
             Was a Follower of Sif Muna.
             Mangled by an eight-headed hydra (14 damage)
             ... on level 2 of the Lair of Beasts on May 30, 2021.
             The game lasted 02:14:20 (20994 turns).

Gather the Summoner (Kobold Summoner)              Turns: 20994, Time: 02:14:20

Health: -7/60      AC:  6    Str:  6    XL:     11   Next: 37%
Magic:  3/25       EV: 16    Int: 25    God:    Sif Muna [*.....]
Gold:   292        SH:  0    Dex: 16    Spells: 1/16 levels left

rFire    + . .     SeeInvis .   a - +3 dagger (elec)
rCold    + . .     Faith    .   (shield restricted)
rNeg     . . .     Spirit   .   c - +2 robe
rPois    .         Reflect  .   U - +1 helmet
rElec    .         Harm     .   d - scarf {rC+ rF+}
rCorr    .         Rampage  .   (no gloves)
Will     .....                  (no boots)
Stlth    +++++.....             (no amulet)
HPRegen  0.20/turn              y - ring of magical power
MPRegen  0.19/turn              x - +6 ring of intelligence

@: very slightly contaminated
A: small, no large weapons, nightstalker 3
a: Renounce Religion, Channel Magic


You were on level 2 of the Lair of Beasts.
You worshipped Sif Muna.
Sif Muna was aware of your devotion.
You visited 2 branches of the dungeon, and saw 10 of its levels.
You also visited: Sewer.

You collected 451 gold pieces.
You spent 159 gold pieces at shops.

Inventory:

Hand Weapons
 a - a +3 dagger of electrocution (weapon)
 b - a +2 short sword of draining
 i - a +1 hand axe of pain
 k - a +0 hunting sling
 J - a +0 hunting sling
 K - a +0 shortbow
 L - a +0 dagger of venom
 S - a +4 shortbow
Missiles
 f - 43 sling bullets
 g - 230 stones
 h - 171 arrows
 l - 10 boomerangs
 m - 74 poisoned darts (quivered)
 G - 2 throwing nets
Armour
 c - a +2 robe (worn)
 d - a scarf of resistance (worn)
 p - a +0 leather armour
 E - a +2 hat
 F - a +0 cloak
 U - a +1 helmet (worn)
Jewellery
 n - a ring of see invisible
 x - a +6 ring of intelligence (right hand)
 y - a ring of magical power (left hand)
 z - a +4 ring of protection
 H - a ring of protection from cold
Wands
 u - a wand of flame (9)
 I - a wand of paralysis (7)
 N - a wand of mindburst (9)
 O - a wand of charming (6)
Scrolls
 e - a scroll of silence
 w - 2 scrolls of enchant weapon
 B - 3 scrolls of fear
 T - a scroll of teleportation
Potions
 j - 9 potions of curing
 o - 3 potions of brilliance
 q - a potion of haste {unknown}
 r - 4 potions of lignification
 s - a potion of heal wounds
 v - 2 potions of flight
 A - a potion of might {unknown}
 C - 2 potions of degeneration {unknown}
 D - a potion of invisibility
 M - a potion of mutation {unknown}
 P - a potion of attraction {unknown}
 Q - a potion of berserk rage {unknown}
 R - a potion of resistance {unknown}
Miscellaneous
 t - a condenser vane (inert)


   Skills:
 + Level 3.2 Fighting
 + Level 5.0 Short Blades
 + Level 4.5 Dodging
 + Level 7.1 Stealth
 + Level 3.4 Spellcasting
 - Level 4.5 Hexes
 + Level 10.3 Summonings
 + Level 7.5 Ice Magic
 + Level 4.1 Air Magic
 - Level 4.1 Invocations
 - Level 4.4 Evocations


You had one spell level left.
You knew the following spells:

 Your Spells              Type           Power      Damage    Failure   Level
a - Call Imp              Summ           54%        N/A       1%          2
b - Summon Ice Beast      Ice/Summ       48%        N/A       2%          4
g - Summon Guardian Gole  Hex/Summ       41%        N/A       1%          3
h - Ensorcelled Hibernat  Hex/Ice        68%        N/A       1%          2
s - Summon Lightning Spi  Summ/Air       40%        N/A       4%          4

Your spell library contained the following spells:

 Spells                   Type           Power      Damage    Failure   Level
 Corona                   Hex            28%        N/A       1%          1
 Summon Small Mammal      Summ           100%       N/A       1%          1
 Sting                    Tmut/Pois      16%        1d3       10%         1
 Call Canine Familiar     Summ           54%        N/A       1%          3
 Confusing Touch          Hex            26%        N/A       4%          3
 Tukima's Dance           Hex            26%        N/A       4%          3
 Poisonous Vapours        Pois/Air       28%        N/A       6%          2
 Dazzling Flash           Conj/Hex       30%        N/A       12%         3
 Sublimation of Blood     Necr           2%         N/A       14%         2
 Mephitic Cloud           Conj/Pois/Air  11%        N/A       17%         3
 Ignite Poison            Fire/Tmut/Pois 4%         N/A       28%         3
 Iskenderun's Mystic Bla  Conj/Tloc      4%         2d3       67%         4
 Olgreb's Toxic Radiance  Pois           4%         N/A       67%         4
 Bolt of Magma            Conj/Fire/Erth 2%         4d4       95%         5
 Borgnjor's Vile Clutch   Necr/Erth      2%         N/A       95%         5
 Iskenderun's Battlesphe  Conj           4%         2d6       95%         5
 Iron Shot                Conj/Erth      2%         9d2       100%        6
 Orb of Destruction       Conj           2%         9d1       100%        7
 Spellforged Servitor     Conj/Summ      15%        N/A       100%        7


Dungeon Overview and Level Annotations

Branches:
Dungeon (8/15)             Temple (0/1) D:7            Lair (2/6) D:8
  Sewer (visited)
  Swamp: Lair:2-4    Shoals: Lair:2-4     Snake: Lair:2-4    Spider: Lair:2-4

Altars:
Sif Muna
Wu Jian

Shops:
D:6 *


Innate Abilities, Weirdness & Mutations

You are small and have problems with some larger weapons.
You are completely attuned to the shadows.


Message History

An eight-headed hydra comes into view.
Casting: Summon Ice Beast (dangerous; 2% risk of failure)
Confirm with . or Enter, or press ? or * to list all spells.
A chill wind blows around you.
Casting: Summon Ice Beast (dangerous; 2% risk of failure)
Confirm with . or Enter, or press ? or * to list all spells.
A chill wind blows around you.
Casting: Summon Ice Beast (dangerous; 2% risk of failure)
Confirm with . or Enter, or press ? or * to list all spells.
You miscast Summon Ice Beast.
You are very lightly contaminated with residual magic.
Nothing appears to happen.
Casting: Summon Ice Beast (dangerous; 2% risk of failure)
Confirm with . or Enter, or press ? or * to list all spells.
A chill wind blows around you.
Casting: Summon Ice Beast (dangerous; 2% risk of failure)
Confirm with . or Enter, or press ? or * to list all spells.
You miscast Summon Ice Beast.
Frost covers your body. You resist.
Casting: Summon Ice Beast (dangerous; 2% risk of failure)
Confirm with . or Enter, or press ? or * to list all spells.
An electric hum fills the air.
Throw: 75 darts (poison)
Press: ? - help, Q - select action, (/) - cycle Shift-Dir - straight line, f - eight-headed hydra
Aim: an eight-headed hydra (asleep, 98% to hit)
You throw a poisoned dart.
The poisoned dart hits the eight-headed hydra.
Your lightning spire shoots out a bolt of lightning at the eight-headed hydra!
The bolt of electricity hits the eight-headed hydra!
Your ice beast hits the eight-headed hydra.
Your ice beast freezes the eight-headed hydra!
You completely miss the eight-headed hydra.
The eight-headed hydra is heavily wounded.
Your ice beast hits the eight-headed hydra.
Your ice beast freezes the eight-headed hydra.
The eight-headed hydra bites you! x2
The eight-headed hydra closely misses you.
The eight-headed hydra bites you! x2
* * * LOW HITPOINT WARNING * * *
The eight-headed hydra bites you!
You die...

......# .(....### ........#
....Y..P# ...YDY..## .....@...##
....8.....##
...............#.#### ##
###................##.## ###.
#.#....................####... #
##.#............##.#P.....#...#
###.#............##########.....#
#......#†.<.....## #....##
..>..###.......## ###.## .....#
##.....## #..# ....#.# #######
##.#


You could see an eight-headed hydra (ally target), 3 friendly ice beasts and a
friendly lightning spire (summoned).

Vanquished Creatures
  Pikel (D:7)
  A manticore (D:8)
  A black mamba (Lair:1)
  A cane toad (Lair:2)
  A komodo dragon (Lair:1)
  Prince Ribbit (D:8)
  3 yaks
  2 wyverns
  A basilisk (Lair:2)
  2 water moccasins
  3 orc warriors
  An ice beast (D:5)
  2 black bears (D:6)
  An ogre (D:5)
  3 centaurs
  A wolf (Lair:1)
  3 phantoms
  A lemure (D:7)
  A kobold brigand (D:8)
  3 bullfrogs
  A gnoll sergeant (D:8)
  3 scorpions (D:6)
  4 wights
  A bullfrog zombie (D:5)
  2 centaur zombies (D:8)
  8 hounds
  An orc priest (D:8)
  A bullfrog skeleton (D:7)
  A centaur skeleton (D:7)
  4 iguanas
  4 orc wizards
  A nameless horror (D:6)
  A hound skeleton (D:4)
  3 gnolls
  6 adders
  5 river rats
  An ufetubus (D:5)
  4 worms (D:6)
  2 dart slugs
  11 orcs
  19 ball pythons
  4 endoplasms
  6 giant cockroaches
  4 hobgoblins
  A jackal (D:3)
  5 quokkas
  7 bats
  4 frilled lizards
  7 goblins
  13 kobolds
  19 rats
186 creatures vanquished.

Vanquished Creatures (collateral kills)
  2 komodo dragons (Lair:1)
  5 yaks
  A basilisk (Lair:1)
  3 water moccasins
  An ice beast (D:6)
  A sky beast (D:6)
  5 wolves (Lair:1)
  2 phantoms
  3 centaurs (Lair:1)
  A kobold brigand (Sewer)
  3 bullfrogs
  4 wights
  A bullfrog zombie (D:6)
  An orc priest (D:2)
  A jelly (D:6)
  A bullfrog skeleton (D:6)
  An iguana (D:4)
  An orc wizard (D:1)
  6 gnolls
  An adder (D:2)
  A howler monkey skeleton (D:4)
  3 river rats (Sewer)
  A shadow imp (D:7)
  A white imp (D:8)
  A worm (D:2)
  2 dart slugs
  11 orcs
  2 bats
  An endoplasm (D:2)
  A goblin (D:2)
  2 hobgoblins
  14 kobolds
  6 ball pythons
  A frilled lizard (D:1)
  8 rats (Sewer)
99 creatures vanquished.

Vanquished Creatures (others)
  A cane toad (Lair:1)
  2 wights (D:5)
  6 fungi
9 creatures vanquished.

Grand Total: 294 creatures vanquished

Notes
Turn   | Place    | Note
-------+----------+-------------------------------------------
     0 | D:1      | Gather the Kobold Summoner began the quest for the Orb.
     0 | D:1      | Reached XP level 1. HP: 10/10 MP: 3/3
   123 | D:1      | Reached skill level 1 in Short Blades
   130 | D:1      | Reached XP level 2. HP: 15/15 MP: 5/5
   294 | D:1      | Learned a level 2 spell: Call Imp
   597 | D:1      | Reached XP level 3. HP: 19/19 MP: 3/6
  1806 | D:2      | Reached XP level 4. HP: 24/24 MP: 0/7
  3174 | D:2      | Reached XP level 5. HP: 28/28 MP: 8/8
  3477 | D:2      | Learned a level 2 spell: Ensorcelled Hibernation
  4048 | D:2      | Found a faded altar of an unknown god.
  4361 | D:3      | Learned a level 3 spell: Summon Guardian Golem
  4476 | D:3      | Reached skill level 1 in Hexes
  4476 | D:3      | Reached skill level 1 in Ice Magic
  4928 | D:3      | Identified the Volume of Destructive Black Rituals
  5348 | D:4      | Noticed a phantom
  5864 | D:4      | Reached XP level 6. HP: 33/33 MP: 9/9
  6577 | D:4      | Reached skill level 5 in Summonings
  6975 | D:5      | Entered Level 5 of the Dungeon
  7000 | D:5      | Noticed an ice beast
  7023 | D:5      | Killed an ice beast
  7024 | D:5      | Reached skill level 1 in Fighting
  7024 | D:5      | Reached XP level 7. HP: 27/38 MP: 10/10
  8468 | D:5      | Reached XP level 8. HP: 42/44 MP: 4/11
  8477 | D:5      | Learned a level 4 spell: Summon Ice Beast
  9786 | D:5      | Reached skill level 6 in Summonings
  9786 | D:5      | Reached skill level 1 in Evocations
 10724 | D:6      | Found Gerarcha's General Store.
 10740 | D:6      | Reached XP level 9. HP: 48/48 MP: 7/12
 10834 | D:6      | Found a glowing drain.
 10843 | Sewer    | Entered a sewer
 12163 | Sewer    | Reached skill level 5 in Ice Magic
 12384 | D:6      | Bought a potion of invisibility for 88 gold pieces
 12384 | D:6      | Bought a potion of curing for 33 gold pieces
 12384 | D:6      | Bought a scroll of fear for 38 gold pieces
 14587 | D:7      | Found a shimmering blue altar of Sif Muna.
 14591 | D:7      | Became a worshipper of Sif Muna the Loreminder
 14666 | D:7      | Reached skill level 5 in Stealth
 14695 | D:7      | Reached skill level 7 in Summonings
 15327 | D:7      | Noticed Pikel
 15336 | D:7      | Killed Pikel
 15489 | D:7      | Found a staircase to the Ecumenical Temple.
 15734 | D:8      | Upgraded the game from 0.27-a0-1196-g3e9cee4cb2 to
                  | 0.27-a0-1200-g94dc6ad4cf
 15833 | D:8      | Reached XP level 10. HP: 39/53 MP: 7/14
 16278 | D:8      | Reached * piety under Sif Muna
 16507 | D:8      | Noticed Prince Ribbit
 16516 | D:8      | Killed Prince Ribbit
 16845 | D:8      | Noticed a manticore
 16857 | D:8      | Reached skill level 1 in Invocations
 16860 | D:8      | Killed a manticore
 17258 | D:8      | Learned a level 4 spell: Summon Lightning Spire
 17273 | D:8      | Reached skill level 1 in Air Magic
 17567 | D:8      | Found a staircase to the Lair.
 17610 | Lair:1   | Entered Level 1 of the Lair of Beasts
 17774 | Lair:1   | Noticed a komodo dragon
 17853 | Lair:1   | Killed a komodo dragon
 18037 | Lair:1   | Noticed a cane toad
 18058 | Lair:1   | Killed a cane toad
 18059 | Lair:1   | Reached skill level 8 in Summonings
 18739 | Lair:1   | Reached XP level 11. HP: 30/60 MP: 2/15
 18888 | Lair:1   | Found an ornate altar of the Wu Jian Council.
 19421 | Lair:1   | Reached skill level 9 in Summonings
 20119 | Lair:1   | Reached skill level 10 in Summonings
 20534 | Lair:2   | Reached skill level 5 in Short Blades
 20663 | Lair:2   | Noticed an elephant
 20976 | Lair:2   | Noticed an eight-headed hydra
 20994 | Lair:2   | Mangled by an eight-headed hydra

Illustrated notes

Levels and vault maps discovered:
D:1:      sevenhm_arrival_forest_fort_large_3, layout_basic, minivault_11
D:2:      layout_basic, shapermc_ecumenical_altar_hornbeckon
D:3:      layout_loops_cross, chequers_serial_rivers_room_b, minmay_statues_item
D:4:      minmay_chambers_of_twos, layout_basic
D:5:      minmay_clustersquares, layout_loops_ring
D:6:      layout_cave_pools, lightli_sewer_entry_pipes, serial_shops,
          nicolae_shop_temple_entry_statues_fountains
D:7:      layout_rooms, nicolae_sif_muna_little_library,
          minmay_temple_entry_nine_rooms, minmay_diced_spiral, uniq_pikel
D:8:      layout_rooms, lair_entry_dummy, uniq_prince_ribbit1
Lair:1:   layout_regular_city, lemuel_centaur_altar
Lair:2:   layout_cave_pods, special_room [special_room_bee]

Skill      XL: |  1  2  3  4  5  6  7  8  9 10 11 |
---------------+----------------------------------+-----
Short Blades   | 1 2 3 4 5 |  5.0
Stealth        | 3 4 6 7 |  7.1
Hexes          | 2 3 4 |  4.5
Ice Magic      | 2 3 4 7 |  7.5
Summonings     | 5 6 7 8 10 | 10.3
Fighting       | 1 2 3 |  3.2
Dodging        | 3 4 |  4.5
Evocations     | 2 4 |  4.4
Spellcasting   | 3 |  3.4
Invocations    | 4 |  4.1
Air Magic      | 4 |  4.1

Action                   |  1- 3 |  4- 6 |  7- 9 | 10-12 || total
-------------------------+-------+-------+-------+-------++-------
Melee: Dagger            |    57 |   126 |   159 |    73 ||   415
       Short sword       |       |    13 |    99 |       ||   112
       Unarmed           |       |       |     8 |       ||     8
Throw: Dart              |     1 |       |     2 |     9 ||    12
 Cast: Summon Small Mamm |     2 |       |       |       ||     2
       Call Imp          |    27 |    39 |    64 |     2 ||   132
       Ensorcelled Hiber |       |     9 |    53 |    25 ||    87
       Summon Guardian G |       |     8 |    31 |    14 ||    53
       Summon Ice Beast  |       |       |    69 |    74 ||   143
       Summon Lightning  |       |       |       |    17 ||    17
Evoke: Wand              |       |       |       |     7 ||     7
       Condenser vane    |       |       |       |     1 ||     1
  Use: Potion            |       |     1 |     1 |     3 ||     5
       Scroll            |       |       |    13 |     2 ||    15
 Stab: Sleeping          |    14 |    25 |    44 |    18 ||   101
       Distracted        |       |       |     5 |     5 ||    10
Armor: Robe              |    10 |    22 |    57 |    16 ||   105
       Skin              |       |       |    20 |    55 ||    75
Dodge: Dodged            |    44 |   117 |   200 |    61 ||   422

Table legend: (Time is in decaauts)
 A = Elapsed time spent in this place.
 B = Non-inter-level travel time spent in this place.
 C = Inter-level travel time spent in this place.
 D = Time resting spent in this place.
 E = Time spent auto-exploring this place.
 F = Levels seen in this place.
 G = Mean time per level.
                   A        B        C        D        E       F      G
               +--------+--------+--------+--------+--------+-----+--------+
         Total |  20989 |  20511 |    478 |   5401 |  11133 |  11 | 1908.1 |
       Dungeon |  16094 |  15705 |    389 |   4610 |   8003 |   8 | 2011.8 |
          Lair |   3386 |   3297 |     89 |    376 |   2450 |   2 | 1693.0 |
         Sewer |   1508 |   1508 |      0 |    415 |    680 |   1 | 1508.0 |
               +--------+--------+--------+--------+--------+-----+--------+

Top non-repeatable levels by time:
     D:4: 3030 daAuts
  Lair:1: 2910 daAuts
     D:1: 2606 daAuts
     D:5: 2599 daAuts
     D:7: 2142 daAuts
     D:6: 1934 daAuts
     D:2: 1604 daAuts
   Sewer: 1508 daAuts
     D:8: 1178 daAuts
     D:3: 999 daAuts
  Lair:2: 476 daAuts
